 Dungeon Crawl Stone Soup version 0.17.1-3-g152610e (webtiles) character file.

431 Heskey the Shield-Bearer (level 7, -3/56 HPs)
             Began as a Formicid Fighter on Mar 21, 2016.
             Slain by an ogre
             ... wielding a +0 giant club
              (14 damage)
             ... on level 7 of the Dungeon.
             The game lasted 00:05:37 (3359 turns).

Heskey the Shield-Bearer (Formicid Fighter)         Turns: 3359, Time: 00:05:38

Health: -3/56      AC: 12    Str: 23    XL:     7   Next: 20%
Magic:  7/7        EV:  6    Int:  7    God:
Gold:   210        SH: 10    Dex: 10    Spells: 0 memorised, 6 levels left

rFire  . . .     SeeInvis +     a - +0 long sword
rCold  . . .     Clarity  .     q - +0 plate armour
rNeg   . . .     SustAt   .     c - +0 shield
rPois  .         Gourm    .     (helmet unavailable)
rElec  .         Spirit   .     (no cloak)
rCorr  .         Warding  .     (no gloves)
rMut   .         Stasis   +     (no boots)
MR     .....                    (no amulet)
Stlth  ..........               (no ring)
                                (no ring)

@: not resistant to hostile enchantments, extremely unstealthy
A: permanent stasis, dig shafts and tunnels, four strong arms, antennae 3
a: Dig, Shaft Self


You were on level 7 of the Dungeon.
You were very hungry.

You visited 1 branch of the dungeon, and saw 5 of its levels.

You collected 210 gold pieces.

Inventory:

Hand Weapons
 a - a +0 long sword (weapon)
Armour
 c - a +0 shield (worn)
 q - a +0 plate armour (worn)
Wands
 r - a wand of polymorph (12)
 s - a wand of digging (9)
Scrolls
 f - a scroll of noise {unknown}
 g - a scroll of remove curse {unknown}
 h - 2 scrolls of identify {unknown}
 j - a scroll of teleportation {unknown}
 t - a scroll of fear {unknown}
 u - a scroll of enchant weapon {unknown}
 w - a scroll of recharging {unknown}
 y - a scroll of amnesia {unknown}
Potions
 d - a potion of might
 i - 4 potions of curing
 m - a potion of haste {unknown}
 n - a potion of brilliance {unknown}
 p - a potion of resistance {unknown}
 v - a potion of ambrosia {unknown}
 x - 2 potions of degeneration {unknown}
 z - a potion of agility {unknown}
Books
 o - a book of Clouds

   Spells                             Type                      Level
   a - Mephitic Cloud                 Conjuration/Poison/Air       3
   b - Conjure Flame                  Conjuration/Fire             3
   c - Poisonous Cloud                Conjuration/Poison/Air       6
   d - Freezing Cloud                 Conjuration/Ice/Air          6
   e - Ring of Flames                 Charms/Fire                  7
Comestibles
 b - a slice of pizza
 e - 3 bread rations
 k - a royal jelly
 l - 2 meat rations


   Skills:
 * Level 5.0 Fighting
 + Level 3.2 Long Blades
 + Level 4.7 Armour
 - Level 2.0 Dodging
 + Level 5.7 Shields


You had 6 spell levels left.
You didn't know any spells.

Dungeon Overview and Level Annotations

Branches:
Dungeon (7/15)
 Temple: D:4-7

Altars:
Ru
Vehumet


Innate Abilities, Weirdness & Mutations

You are under a permanent stasis effect.
You can dig through walls and to a lower floor.
Your four strong arms can wield two-handed weapons with a shield.
You have a pair of large antennae on your head (SInv).


Message History

The worker ant barely misses you. The ogre hits you with a giant club!!
* * * LOW HITPOINT WARNING * * *
You block the worker ant's attack.
You are too injured to fight recklessly!
You are too injured to fight recklessly!
You are too injured to fight recklessly!
You are too injured to fight recklessly!
You barely miss the ogre.
The worker ant bites you but does no damage.
You block the ogre's attack.
You hit the ogre.
The ogre is moderately wounded.
The worker ant bites you but does no damage.
You block the ogre's attack. The worker ant closely misses you.
You are too injured to fight recklessly!
You hit the ogre.
The ogre is heavily wounded.
The worker ant bites you but does no damage.
The ogre hits you with a giant club!
You die...

##### #######+##<....
.........O.#
..#####...@#.####
#........a........
##########..).#.#####
.......[....>......
#.................#
8..8##.###....##### .
#.# .....+ #.##.$...#
#.##.....#


You could see an ogre and a worker ant.

Vanquished Creatures
  Sigmund (D:2)
  2 orc priests (D:4)
  An orc wizard (D:4)
  3 worker ants (D:4)
  3 gnolls (D:4)
  2 adders (D:2)
  An ooze (D:2)
  An adder skeleton (D:4)
  A worm (D:3)
  5 orcs
  4 bats
  2 giant cockroaches
  5 hobgoblins
  4 jackals (D:2)
  A quokka (D:2)
  A ball python (D:1)
  A giant gecko (D:2)
  2 giant newts
  10 goblins
  4 kobolds
  9 rats
  A plant (D:1)
64 creatures vanquished.

Notes
Turn   | Place    | Note
--------------------------------------------------------------
     0 | D:1      | Heskey the Formicid Fighter began the quest for the Orb.
     0 | D:1      | Reached XP level 1. HP: 18/18 MP: 1/1
   205 | D:1      | Reached XP level 2. HP: 22/24 MP: 2/2
   872 | D:2      | Reached skill level 4 in Shields
   872 | D:2      | Reached XP level 3. HP: 28/30 MP: 3/3
  1147 | D:2      | Found a radiant altar of Vehumet.
  1408 | D:2      | Reached XP level 4. HP: 37/37 MP: 4/4
  1482 | D:2      | Noticed Sigmund
  1513 | D:2      | Killed Sigmund
  1513 | D:2      | Reached skill level 5 in Shields
  1513 | D:2      | Reached XP level 5. HP: 42/42 MP: 5/5
  1513 | D:2      | Reached XP level 6. HP: 48/48 MP: 6/6
  1808 | D:2      | Found a sacrificial altar of Ru.
  2717 | D:4      | Reached XP level 7. HP: 9/55 MP: 7/7
  3020 | D:4      | Reached skill level 5 in Fighting
  3338 | D:4      | You fall through a shaft for 3 floors!
  3359 | D:7      | Slain by an ogre

Action                   |  1- 3 |  4- 6 |  7- 9 || total
-------------------------+-------+-------+-------++-------
Melee: Long sword        |   168 |   130 |    14 ||   312
  Eat: Chunk             |     2 |     4 |     1 ||     7
